 Dungeon Crawl Stone Soup version 0.29-a0-1016-g236c7fd91e (webtiles) character file.

Game seed: 3129398841480150505

75 drugrobin the Chopper (level 3, -8/30 HPs)
             Began as a Demigod Fighter on Aug 10, 2022.
             Mangled by drpainis's ghost (11 damage)
             ... on level 3 of the Dungeon.
             The game lasted 00:03:32 (2358 turns).

drugrobin the Chopper (Demigod Fighter)             Turns: 2358, Time: 00:03:34

Health: -8/30      AC: 11    Str: 21    XL:     3   Next: 88%
Magic:  5/5        EV:  5    Int: 10    God:
Gold:   118        SH:  4    Dex: 13    Spells: 2/2 levels left

rFire   + . .      SeeInvis .   a - +0 war axe
rCold   + + .      Faith    .   c - +0 buckler
rNeg    . . .      Spirit   .   m - +0 plate armour
rPois   +          Reflect  .   (no helmet)
rElec   +          Harm     .   (no cloak)
rCorr   +          Rampage  .   (no gloves)
Will    .....                   (no boots)
Stlth   ..........              o - amulet of regeneration
HPRegen 0.90/turn               r - ring of protection from cold
MPRegen 0.09/turn               (no ring)

@: mighty, resistant, attractive
A: high MP 1, forlorn, divine attributes
a: no special abilities


You were on level 3 of the Dungeon.
You visited 1 branch of the dungeon, and saw 3 of its levels.

You collected 118 gold pieces.

Inventory:

Hand Weapons
 a - a +0 war axe (weapon)
Missiles
 k - 3 poisoned darts (quivered)
 n - 6 javelins
 t - a throwing net
Armour
 b - a +0 scale mail
 c - a +0 buckler (worn)
 j - a +2 leather armour of willpower
 m - a +0 plate armour (worn)
Jewellery
 o - an amulet of regeneration (around neck)
 r - a ring of protection from cold (left hand)
Scrolls
 g - a scroll of identify
 h - 2 scrolls of teleportation {unknown}
 p - a scroll of vulnerability {unknown}
 q - a scroll of blinking {unknown}
Potions
 l - a potion of lignification
 s - a potion of magic {unknown}


   Skills:
 - Level 2.7 Fighting
 + Level 4.0 Axes
 - Level 2.7 Armour
 - Level 2.7 Shields


You had 2 spell levels left.
You didn't know any spells.
Your spell library contained the following spells:

 Spells                   Type           Power      Damage    Failure   Level
 Summon Small Mammal      Summ           0%         N/A       100%        1
 Call Canine Familiar     Summ           0%         N/A       100%        3
 Dazzling Flash           Conj/Hex       0%         N/A       100%        3
 Summon Guardian Golem    Hex/Summ       0%         N/A       100%        3
 Agony                    Necr           0%         N/A       100%        5
 Silence                  Hex/Air        0%         N/A       100%        5


Dungeon Overview and Level Annotations

Branches:
Dungeon (3/15)

Annotations:
D:3 BleedingAnus's ghost, amateur HOMo; OstrichLN's ghost, weakling TrGl; drpainis's ghost, amateur SpBr; gelatine's ghost, amateur DsGl


Innate Abilities, Weirdness & Mutations

You have an increased reservoir of magic. (+10% MP)
You shall have no god before yourself.
Your divine heritage dramatically boosts your attributes as you level up.


Message History

Unknown command.
Unknown command.
It was a potion of resistance.
You feel protected. Gelatine's ghost hits you!
* * * LOW HITPOINT WARNING * * *
You block BleedingAnus's ghost's attack.
Drpainis's ghost hits you but does no damage.
Space warps around you.
* * * LOW HITPOINT WARNING * * *
OstrichLN's ghost hits you but does no damage.
Unknown command.
Unknown command.
As you read the scroll labelled YLIETTOKKO, it crumbles to dust.
It is a scroll of identify.
l - a potion of lignification Gelatine's ghost hits you.
* * * LOW HITPOINT WARNING * * *
BleedingAnus's ghost hits you.
* * * LOW HITPOINT WARNING * * *
Drpainis's ghost barely misses you. OstrichLN's ghost barely misses you.
Unknown command.
Unknown command.
You feel better. Gelatine's ghost hits you.
* * * LOW HITPOINT WARNING * * *
BleedingAnus's ghost hits you.
* * * LOW HITPOINT WARNING * * *
Drpainis's ghost screams, "Don't try to defend!
You have no chance!"
Drpainis's ghost hits you but does no damage.
Space warps around you.
* * * LOW HITPOINT WARNING * * *
OstrichLN's ghost barely misses you.
Unknown command.
You feel better.
Gelatine's ghost whispers, "Death is liberation."
You block gelatine's ghost's attack. BleedingAnus's ghost hits you!
* * * LOW HITPOINT WARNING * * *
Drpainis's ghost hits you but does no damage.
Space warps horribly around you!
You die...

...##.....#
##$P⌠P$##...........
##8.....8##..........
#.........#..........
#$.......?#......<...
#8.......8#.........<
#$........#.........† ##
#####WW'####..........
...##...W@W...............
..................#......#
.......[..)..##.........##
...##........##.###...#...
.. #.....................
# #...........#...####..
####.....#...... #..#
######............ #.##
#.......##....#... ....


You could see BleedingAnus's ghost, OstrichLN's ghost, drpainis's ghost and
gelatine's ghost.

Vanquished Creatures
  4 adders (D:2)
  An endoplasm (D:3)
  A giant cockroach (D:2)
  4 goblins
  3 hobgoblins
  6 jackals
  A quokka (D:3)
  3 ball pythons
  5 bats
  3 frilled lizards
  6 kobolds
  2 rats (D:1)
39 creatures vanquished.

Notes
Turn   | Place    | Note
-------+----------+-------------------------------------------
     0 | D:1      | drugrobin the Demigod Fighter began the quest for the Orb.
     0 | D:1      | Reached XP level 1. HP: 18/18 MP: 3/3
   152 | D:1      | Reached skill level 2 in Axes
   459 | D:1      | Reached XP level 2. HP: 11/25 MP: 4/4
  1289 | D:1      | Reached skill level 3 in Axes
  1533 | D:2      | Reached XP level 3. HP: 30/30 MP: 5/5
  2260 | D:3      | Reached skill level 4 in Axes
  2325 | D:3      | Found a runed translucent gate.
  2325 | D:3      | Found a runed translucent gate.
  2325 | D:3      | Found a runed translucent gate.
  2327 | D:3      | Noticed gelatine's ghost (amateur DsGl)
  2327 | D:3      | Noticed BleedingAnus's ghost (amateur HOMo)
  2329 | D:3      | Identified the +2 leather armour of Refuge {Int+2}
  2329 | D:3      | Noticed drpainis's ghost (amateur SpBr)
  2329 | D:3      | Noticed OstrichLN's ghost (weakling TrGl)
  2356 | D:3      | HP: 1/30 [BleedingAnus's ghost (2)]
  2358 | D:3      | Mangled by drpainis's ghost

Illustrated notes

Levels and vault maps discovered:
D:1:      dpeg_arrival_simpleton_a, layout_basic,
          hellmonk_ecumenical_altar_arch_garden, nicolae_figureground_sparkle
D:2:      layout_basic, corner_web_ring, grunt_ministairs_14
D:3:      layout_rooms, gammafunk_ghost_cemetery, kennysheep_generic_room_13

Skill      XL: |  1  2  3 |
---------------+----------+-----
Axes           | 2 3 4 |  4.0
Fighting       | |  2.7
Armour         | |  2.7
Shields        | |  2.7

Action                   || total
-------------------------++-------
Melee: War axe           ||   110
  Use: Potion            ||     6
       Scroll            ||     1
Armor: Scale mail        ||    22
       Leather armour    ||    24
       Plate armour      ||    29
Dodge: Dodged            ||    63
Block: Buckler           ||    34

Table legend: (Time is in decaauts)
 A = Elapsed time spent in this place.
 B = Non-inter-level travel time spent in this place.
 C = Inter-level travel time spent in this place.
 D = Time resting spent in this place.
 E = Time spent auto-exploring this place.
 F = Levels seen in this place.
 G = Mean time per level.
                   A        B        C        D        E       F      G
               +--------+--------+--------+--------+--------+-----+--------+
         Total |   2403 |   2339 |     64 |    108 |   1771 |   3 |  801.0 |
       Dungeon |   2403 |   2339 |     64 |    108 |   1771 |   3 |  801.0 |
               +--------+--------+--------+--------+--------+-----+--------+

Top non-repeatable levels by time:
     D:1: 1422 daAuts
     D:2: 788 daAuts
     D:3: 192 daAuts
